 Dungeon Crawl Stone Soup version 0.31-a0-1338-gb567cfdca4 (webtiles) character file.

Game seed: 4294535512013124398

182 gelatine the Shooter (level 5, 0/39 HPs)
             Began as a Demonspawn Hunter on Dec 22, 2023.
             Slain by a cerulean imp
             ... wielding a +0 spear
             ... summoned by Natasha
              (2 damage)
             ... on level 3 of the Dungeon.
             The game lasted 00:04:50 (2730 turns).

gelatine the Shooter (Demonspawn Hunter)            Turns: 2730, Time: 00:04:50

Health: 0/39       AC:  3    Str: 11    XL:     5   Next: 34%
Magic:  5/5        EV: 12    Int:  9    God:
Gold:   109        SH:  5    Dex: 19    Spells: 4/4 levels left

rFire   . . .        a - +0 shortbow
rCold   . . .        (shield currently unavailable)
rNeg    . . .        c - +0 leather armour
rPois   .            (helmet restricted)
rElec   .            (no cloak)
rCorr   .            (no gloves)
SInv    .            (no boots)
Will    .....        j - amulet of reflection
Stlth   ++           (no ring)
HPRegen 0.26/turn    (no ring)
MPRegen 0.09/turn

%: reflection
@: slowed, very slow
A: antennae 1, hooves 1
a: no special abilities


You were on level 3 of the Dungeon.
You visited 1 branch of the dungeon, and saw 3 of its levels.

You collected 109 gold pieces.

Inventory:

Hand Weapons
 a - a +0 shortbow (weapon)
Armour
 c - a +0 leather armour (worn)
 l - a +0 ring mail
Jewellery
 d - a ring of ice
 j - an amulet of reflection (around neck)
Scrolls
 b - a scroll of butterflies
 e - 2 scrolls of noise {unknown}
 g - 2 scrolls of amnesia {unknown}
 h - 2 scrolls of identify {unknown}
 i - a scroll of revelation {unknown}
Potions
 f - a potion of invisibility
 k - a potion of curing {unknown}
 m - a potion of haste {unknown}
 n - a potion of attraction {unknown}


   Skills:
 * Level 2.7 Fighting
 * Level 5.2 Ranged Weapons
 * Level 1.0 Armour
 * Level 2.3 Dodging
 * Level 1.6 Stealth


You had 4 spell levels left.
You didn't know any spells.
Your spell library contained the following spells:

 Spells                   Type           Power      Damage    Failure   Level
 Hailstorm                Conj/Ice       0%         3d5       85%         3
 Summon Ice Beast         Ice/Summ       0%         N/A       99%         4
 Simulacrum               Ice/Necr       0%         N/A       100%        6


Dungeon Overview and Level Annotations

Branches:
Dungeon (3/15)

Altars:

Annotations:
D:3 Natasha


Innate Abilities, Weirdness & Mutations

You have a pair of small antennae on your head.
You have large cloven feet.


Message History

You shoot an arrow. The arrow hits Natasha.
Natasha is almost dead.
Natasha stares at you and mumbles some strange words.
You resist with some effort. You block the cerulean imp's attack.
The cerulean imp hits you from afar with a +1 spear.
You are too injured to fight recklessly!
You are too injured to fight recklessly!
You are too injured to fight recklessly!
You are too injured to fight recklessly!
Fire: a) +0 shortbow
Press: ? - help, Q - select action Shift-Dir - straight line, f/p - Natasha
Aim: Natasha (almost dead, 58% to hit)
You shoot an arrow. The arrow barely misses Natasha.
The arrow hits the cerulean imp.
The cerulean imp is moderately wounded.
Natasha casts a spell at you. The magic dart hits you!
* * * LOW HITPOINT WARNING * * *
The cerulean imp barely misses you.
The cerulean imp hits you from afar with a +1 spear.
* * * LOW HITPOINT WARNING * * *
Fire: a) +0 shortbow
Press: ? - help, Q - select action Shift-Dir - straight line, f/p - Natasha
Aim: Natasha (almost dead, 58% to hit)
You shoot an arrow. The arrow closely misses Natasha.
The arrow misses the cerulean imp.
Natasha casts a spell at you.
You feel yourself slow down. The cerulean imp barely misses you.
You block the cerulean imp's attack. Natasha claws you.
* * * LOW HITPOINT WARNING * * *
Fire: a) +0 shortbow
Press: ? - help, Q - select action Shift-Dir - straight line, f/p - Natasha
Aim: Natasha (almost dead, 58% to hit)
You shoot an arrow. The arrow barely misses Natasha.
The arrow closely misses the cerulean imp.
The cerulean imp hits you from afar with a +0 spear.
* * * LOW HITPOINT WARNING * * *
The cerulean imp barely misses you. Natasha completely misses you.
The cerulean imp hits you from afar with a +0 spear.
You die...

# ..# ..###### ### ..# #...(..
..#### ... #.##### .....# ..
#.##### #.##.# ##.##### #......
#.##.####### #55.... #.#####
#.##.......# #h..# ##..####
..##..####.# #@..# #......#
......####.# #...#######...##.#
.##.....##.#####........##...##.#
.##.#.#.##..............##...##.#
.##.#.).....................###.#
.##.###..##............)##..###.#
.##.# #..#######........##......#
....###..# #...########.#####
.#####...# #...# #.#####


You could see Natasha and 2 cerulean imps.

Vanquished Creatures
  An orc priest (D:3)
  Terence (D:3)
  Natasha (twice) (D:3)
  An adder (D:3)
  5 worms
  2 dart slugs
  4 orcs (D:3)
  4 bats
  5 endoplasms
  A giant cockroach (D:1)
  4 goblins
  2 hobgoblins
  A quokka (D:3)
  7 ball pythons
  3 frilled lizards
  4 kobolds
  5 rats
52 creatures vanquished.

Notes
Turn   | Place    | Note
-------+----------+-------------------------------------------
     0 | D:1      | gelatine the Demonspawn Hunter began the quest for the Orb.
     0 | D:1      | Reached XP level 1. HP: 16/16 MP: 1/1
   230 | D:1      | Reached skill level 4 in Ranged Weapons
   348 | D:1      | Discovered your monstrous ancestry.
   348 | D:1      | Gained mutation: You have a pair of small antennae on your
                  | head. [demonic ancestry]
   348 | D:1      | Reached XP level 2. HP: 22/22 MP: 2/2
   946 | D:2      | Reached skill level 1 in Stealth
  1193 | D:2      | Reached XP level 3. HP: 14/27 MP: 3/3
  1899 | D:3      | Noticed Terence
  2012 | D:3      | Gained mutation: You have large cloven feet. [demonic
                  | ancestry]
  2012 | D:3      | Reached XP level 4. HP: 18/33 MP: 4/4
  2367 | D:3      | Noticed Natasha
  2370 | D:3      | Killed Natasha
  2418 | D:3      | Reached skill level 5 in Ranged Weapons
  2499 | D:3      | Noticed Natasha
  2512 | D:3      | Killed Natasha
  2513 | D:3      | Reached XP level 5. HP: 7/39 MP: 5/5
  2717 | D:3      | Noticed Natasha
  2720 | D:3      | Killed Terence
  2721 | D:3      | Reached skill level 1 in Armour
  2730 | D:3      | Slain by a cerulean imp

Illustrated notes

Levels and vault maps discovered:
D:1:      tarquinn_simple_flora_water_f, layout_loops_corners
D:2:      layout_basic, amethyst_killhole, kennysheep_generic_room_4
D:3:      layout_loops_cross, uniq_natasha, uniq_ijyb, uniq_terence

Skill      XL: |  1  2  3  4  5 |
---------------+----------------+-----
Ranged Weapons | 4 5 |  5.2
Dodging        | 2 |  2.3
Stealth        | 1 |  1.6
Armour         | 1 |  1.0
Fighting       | |  2.7

Action                     |  1- 3 |  4- 6 || total
---------------------------+-------+-------++-------
   Fire: Shortbow          |   160 |    90 ||   250
    Use: Potion            |     2 |       ||     2
 Armour: Leather armour    |    21 |    33 ||    54
  Dodge: Dodged            |    32 |    33 ||    65
  Block: Other             |       |    12 ||    12

Table legend: (Time is in decaauts)
 A = Elapsed time spent in this place.
 B = Non-inter-level travel time spent in this place.
 C = Inter-level travel time spent in this place.
 D = Time resting spent in this place.
 E = Time spent auto-exploring this place.
 F = Levels seen in this place.
 G = Mean time per level.
                   A        B        C        D        E       F      G
               +--------+--------+--------+--------+--------+-----+--------+
         Total |   2791 |   2716 |     75 |      0 |   2203 |   3 |  930.3 |
       Dungeon |   2791 |   2716 |     75 |      0 |   2203 |   3 |  930.3 |
               +--------+--------+--------+--------+--------+-----+--------+

Top non-repeatable levels by time:
     D:2: 1042 daAuts
     D:3: 919 daAuts
     D:1: 829 daAuts
